[Event "Titled Tuesday Blitz May 2 Late 2023"]
[White "Maurizzi, Marc`Andria"]
[Black "Szpar, Milosz"]
[WhiteFideId "36083534"]
[BlackFideId "1184989"]
[WhiteElo "2421"]
[BlackElo "2436"]
[Result "1-0"]
[Round "08"]
[TimeControl "180+2"]
[Date "2023.05.02"]
[WhiteClock "0:00:40"]
[BlackClock "0:00:03"]

1. e4 e6 2. d4 d5 3. Nd2 Be7 4. c3 c5 5. dxc5 Nf6 6. exd5 Nxd5 7. Ngf3 O-O 8. Ne4 Nd7 9. Bd3 Nxc5 10. Nxc5 Bxc5 11. O-O h6 12. Qe2 Bd7 13. Ne5 Nf6 14. Rd1 Qe7 15. b4 Bd6 16. Nxd7 Nxd7 17. a3 Rad8 18. c4 Be5 19. Rb1 Bf6 20. Bf4 Nb8 21. c5 e5 22. Qe4 Rxd3 23. Rxd3 exf4 24. Qxe7 Bxe7 25. Re1 Bf6 26. Re4 g5 27. Kf1 Kg7 28. Ke2 Rc8 29. Rd6 Nc6 30. Rd5 Rc7 31. Kd3 Ne7 32. Rd8 Nc8 33. Rd5 b6 34. Rc4 Ne7 35. Rd6 bxc5 36. Rxc5 Rb7 37. Ra5 Be5 38. Rxe5 Nc8 39. Rd8 Nb6 40. Rd4 Rc7 41. Rc5 Re7 42. Re4 Rd7+ 43. Ke2 Nd5 44. Rd4 Nc3+ 45. Kd3 Na2 46. Rxd7 Nc1+ 47. Rxc1 1-0


[Site "https://www.chess.com"]

[Event "Titled Tuesday Blitz May 2 Late 2023"]
[White "Yanchenko, Roman"]
[Black "Gutkin, Ilya"]
[WhiteFideId "4137329"]
[BlackFideId "16203470"]
[WhiteElo "2491"]
[BlackElo "2265"]
[Result "1-0"]
[Round "08"]
[TimeControl "180+2"]
[Date "2023.05.02"]
[WhiteClock "0:00:49"]
[BlackClock "0:00:02"]

1. d4 e6 2. Nf3 Nf6 3. c4 Bb4+ 4. Bd2 Qe7 5. e3 O-O 6. Be2 Bxd2+ 7. Qxd2 d6 8. Nc3 e5 9. dxe5 dxe5 10. Qc2 c6 11. O-O Bg4 12. Rad1 Na6 13. a3 Rfd8 14. b4 Nc7 15. h3 Bh5 16. Rxd8+ Rxd8 17. Rd1 Rxd1+ 18. Qxd1 Bxf3 19. Bxf3 Qd7 20. Qc2 g6 21. Be2 Kg7 22. c5 Ncd5 23. Nb1 a5 24. Qb2 axb4 25. axb4 Qe7 26. Nd2 Nd7 27. Bc4 Nc7 28. Ne4 Nf6 29. Nd6 Ne6 30. Qxe5 Kg8 31. Nc8 Qd7 32. Qxf6 Qxc8 33. Bxe6 fxe6 34. Qe7 Qa8 35. Qxe6+ Kg7 36. Qe5+ Kf7 37. Qd4 Qa6 38. Kh2 h5 39. Kg3 Qa8 40. Qd7+ Kf6 41. Qd6+ Kf7 42. Kh2 Qa6 43. Qe5 Qb5 44. Qf4+ Kg7 45. Qd4+ Kf7 46. e4 Qa6 47. e5 Qa8 48. Qd7+ Kg8 49. e6 Qb8+ 50. Qd6 Qe8 51. f4 Kg7 52. Qd7+ Kf8 53. Qxe8+ Kxe8 54. g4 1-0


[Site "https://www.chess.com"]

[Event "Titled Tuesday Blitz May 2 Late 2023"]
[White "Bilych, Olexiy"]
[Black "Bryant, John Daniel"]
[WhiteFideId "14156504"]
[BlackFideId "2031280"]
[WhiteElo "2320"]
[BlackElo "2455"]
[Result "1-0"]
[Round "08"]
[TimeControl "180+2"]
[Date "2023.05.02"]
[WhiteClock "0:00:16"]
[BlackClock "0:00:01"]

1. d4 Nf6 2. c4 g6 3. Nc3 Bg7 4. e4 d6 5. Be2 O-O 6. Be3 c5 7. d5 e6 8. Nf3 exd5 9. cxd5 Bg4 10. Nd2 Bxe2 11. Qxe2 Re8 12. O-O Na6 13. Rfe1 Nc7 14. a4 a6 15. a5 Rb8 16. Qd3 Ng4 17. Bf4 Bd4 18. Bg3 Qf6 19. Qf3 Qg5 20. Nc4 Rbd8 21. h4 Qh5 22. Ne2 Ne5 23. Qxh5 gxh5 24. Bxe5 dxe5 25. Ng3 Nb5 26. Nxh5 Kf8 27. Nf6 Re7 28. Rad1 Kg7 29. Nh5+ Kg6 30. Ng3 Ree8 31. Rd3 h5 32. Nf5 Rh8 33. Rg3+ Kf6 34. Rd1 Rd7 35. Rdd3 1-0


[Site "https://www.chess.com"]

[Event "Titled Tuesday Blitz May 2 Late 2023"]
[White "Halkias, Stelios"]
[Black "Onslow, Alfie"]
[WhiteFideId "4201809"]
[BlackFideId "436976"]
[WhiteElo "2451"]
[BlackElo "2114"]
[Result "1-0"]
[Round "08"]
[TimeControl "180+2"]
[Date "2023.05.02"]
[WhiteClock "0:02:01"]
[BlackClock "0:01:59"]

1. c4 c5 2. Nf3 Nf6 3. Nc3 Nc6 4. e3 e6 5. d4 d5 6. cxd5 exd5 7. Bb5 Bg4 8. Qa4 Bd7 9. Ne5 Nxe5 10. dxe5 Ng4 11. Qxg4 Bxb5 12. Nxb5 Qa5+ 13. Nc3 h5 14. Qf4 g5 15. Qf3 d4 16. Qxb7 dxc3 17. Qxa8+ Ke7 18. Qb7+ Ke6 19. Qc6+ Kf5 20. O-O Bg7 21. e4+ Kxe5 22. Qd5+ Kf6 23. Bxg5+ Kg6 24. Qf5# 1-0


[Site "https://www.chess.com"]

[Event "Titled Tuesday Blitz May 2 Late 2023"]
[White "Tsotsonava, Elene"]
[Black "Shubenkova, Veronika"]
[WhiteFideId "13615939"]
[BlackFideId "44124040"]
[WhiteElo "1829"]
[BlackElo "2027"]
[Result "1-0"]
[Round "08"]
[TimeControl "180+2"]
[Date "2023.05.02"]
[WhiteClock "0:00:12"]
[BlackClock "0:00:20"]

1. d4 d5 2. c4 e6 3. cxd5 exd5 4. Nc3 Nf6 5. Bg5 Be7 6. Qc2 O-O 7. e3 c6 8. Bd3 Nbd7 9. Nge2 Re8 10. O-O Ne4 11. Bf4 Nxc3 12. bxc3 Nf6 13. c4 Bg4 14. cxd5 Qxd5 15. Nc3 Qa5 16. e4 h6 17. f3 Be6 18. Rab1 b6 19. Bd2 Bb4 20. a3 Qxa3 21. Nb5 cxb5 22. Bxb4 Qa6 23. d5 Bd7 24. Bc3 Rac8 25. Qb2 Nh5 26. g3 Qb7 27. Rfd1 a5 28. g4 Nf4 29. Bxg7 Kh7 30. Qf6 Nxd3 31. Qxh6+ 1-0


[Site "https://www.chess.com"]

[Event "Titled Tuesday Blitz May 2 Late 2023"]
[White "Yoo, Christopher Woojin"]
[Black "Manukyan, Sargis A."]
[WhiteFideId "30909694"]
[BlackFideId "13303970"]
[WhiteElo "2519"]
[BlackElo "2187"]
[Result "1-0"]
[Round "08"]
[TimeControl "180+2"]
[Date "2023.05.02"]
[WhiteClock "0:00:25"]
[BlackClock "0:00:11"]

1. e4 c5 2. Nf3 d6 3. d4 cxd4 4. Nxd4 Nf6 5. Nc3 g6 6. Be3 Bg7 7. f3 O-O 8. Qd2 Nc6 9. O-O-O d5 10. Qe1 Nxd4 11. Bxd4 e6 12. h4 Qa5 13. e5 Nd7 14. h5 Rb8 15. Kb1 b5 16. Nxd5 Qxe1 17. Ne7+ Kh8 18. Rxe1 Re8 19. Nc6 Ra8 20. Bxb5 Bb7 21. Na5 Bc8 22. Bc6 Rb8 23. Bxa7 Rb4 24. a3 Rf4 25. Be3 Rf5 26. hxg6 fxg6 27. Nc4 Ref8 28. Nd6 Rxe5 29. Nxc8 Rxc8 30. Bxd7 Rb8 31. Bc1 Rd5 32. Bxe6 Rdb5 33. Bb3 g5 34. Re7 h6 35. Rd1 Kh7 36. Rdd7 Kg6 37. Rxg7+ Kh5 38. Rd6 Kh4 39. Rxh6+ Kg3 40. Rxg5+ Kf2 41. Rxb5 Rxb5 42. g4 Kg3 43. g5 Re5 44. g6 Re7 45. Rh7 Re8 46. g7 Kf2 47. g8=Q Re1 48. Rh2+ Kf1 49. Bc4+ Re2 50. Qg2+ Ke1 1-0


[Site "https://www.chess.com"]

[Event "Titled Tuesday Blitz May 2 Late 2023"]
[White "Rosen, Eric"]
[Black "Baskakov, Egor"]
[WhiteFideId "2032562"]
[BlackFideId "24197866"]
[WhiteElo "2331"]
[BlackElo "2212"]
[Result "0-1"]
[Round "08"]
[TimeControl "180+2"]
[Date "2023.05.02"]
[WhiteClock "0:00:01"]
[BlackClock "0:00:08"]

1. d4 Nf6 2. Bf4 e6 3. e3 d5 4. Nf3 Be7 5. Nbd2 Ne4 6. Nxe4 dxe4 7. Nd2 f5 8. Bc4 O-O 9. O-O g5 10. Be5 Nc6 11. f4 exf3 12. Nxf3 Nxe5 13. Nxe5 Bd6 14. Qh5 Qe7 15. Rad1 Bxe5 16. dxe5 Bd7 17. h4 gxh4 18. Rxf5 Kh8 19. Rf6 Bc6 20. Rdf1 Rg8 21. g4 Qc5 22. Bd3 Qxe3+ 23. R1f2 Be4 24. Bxe4 Qxe4 25. Rf7 Rxg4+ 26. Kf1 Qc4+ 27. Ke1 Re4+ 28. Kd2 Rd8+ 0-1


[Site "https://www.chess.com"]

[Event "Titled Tuesday Blitz May 2 Late 2023"]
[White "Antonica, Dragos-Andrei"]
[Black "Kuznetsov, Felix"]
[WhiteFideId "1246372"]
[BlackFideId "34147990"]
[WhiteElo "2285"]
[BlackElo "2265"]
[Result "1-0"]
[Round "08"]
[TimeControl "180+2"]
[Date "2023.05.02"]
[WhiteClock "0:00:12"]
[BlackClock "0:00:09"]

1. Nf3 Nf6 2. e3 e6 3. c4 b6 4. a3 Bb7 5. Qc2 Be7 6. Nc3 O-O 7. b3 d5 8. Bb2 c5 9. cxd5 Nxd5 10. Bd3 h6 11. h4 Nc6 12. Nxd5 exd5 13. Bh7+ Kh8 14. Bf5 d4 15. b4 Bf6 16. bxc5 bxc5 17. O-O Ne5 18. Nxe5 Bxe5 19. Qxc5 Qf6 20. Bxd4 Bxd4 21. exd4 Qxh4 22. Rab1 Ba6 23. Rfe1 Rad8 24. Qxa7 Bc4 25. Qc5 Bd5 26. Re5 Ba8 27. d5 f6 28. Re4 Qg5 29. Be6 Rfe8 30. Rbe1 Qxd2 31. R1e2 Qg5 32. Rg4 Qh5 33. Qc7 g5 34. Bf5 1-0


[Site "https://www.chess.com"]

[Event "Titled Tuesday Blitz May 2 Late 2023"]
[White "Santos Ruiz, Miguel"]
[Black "Tatarinov, Dmitry"]
[WhiteFideId "22291482"]
[BlackFideId "24160067"]
[WhiteElo "2504"]
[BlackElo "2326"]
[Result "1-0"]
[Round "08"]
[TimeControl "180+2"]
[Date "2023.05.02"]
[WhiteClock "0:00:08"]
[BlackClock "0:00:16"]

1. e4 e5 2. Nf3 Nc6 3. Bc4 Nf6 4. d3 Bc5 5. c3 d6 6. O-O a5 7. Re1 O-O 8. h3 h6 9. Nbd2 Be6 10. Bb5 Qb8 11. Nf1 Qa7 12. Re2 Rad8 13. Bxc6 bxc6 14. d4 exd4 15. cxd4 Bb6 16. Ng3 Rfe8 17. Bf4 a4 18. Qd2 Qa5 19. Bxh6 Qxd2 20. Bxd2 Bc4 21. Ree1 Rb8 22. Bc3 Bd3 23. Nd2 Nd7 24. a3 c5 25. d5 c4 26. Nf5 f6 27. Nd4 Nc5 28. f3 Kf7 29. Kh2 Rb7 30. Rad1 Nd7 31. Nf1 Bxd4 32. Bxd4 Reb8 33. Rd2 Rb3 34. Ne3 Ne5 35. Rc1 c5 36. Bxe5 fxe5 37. Nxc4 Bxc4 38. Rxc4 Ra8 39. Kg3 g5 40. Kg4 Kf6 41. g3 Ra7 42. Rh2 Rd3 43. Rhc2 Rd4 44. Rxd4 exd4 45. f4 gxf4 46. gxf4 Rb7 47. h4 Rb3 48. h5 d3 49. Rd2 c4 50. h6 Rb8 51. Rh2 Rg8+ 52. Kf3 Kg6 53. Ke3 Kh7 54. e5 dxe5 55. fxe5 Rg3+ 56. Kd4 Rg4+ 57. Kc5 Rh4 58. Rxh4 c3 59. bxc3 d2 60. Rd4 Kg6 61. d6 Kg5 62. Rxd2 1-0


[Site "https://www.chess.com"]

[Event "Titled Tuesday Blitz May 2 Late 2023"]
[White "Samsonkin, Artiom"]
[Black "Baskin, Robert"]
[WhiteFideId "13503111"]
[BlackFideId "24662402"]
[WhiteElo "2524"]
[BlackElo "2472"]
[Result "0-1"]
[Round "08"]
[TimeControl "180+2"]
[Date "2023.05.02"]
[WhiteClock "0:00:04"]
[BlackClock "0:00:12"]

1. e4 c5 2. Nf3 d6 3. d4 cxd4 4. Nxd4 Nf6 5. Nc3 Nc6 6. Bg5 e6 7. Qd2 a6 8. O-O-O Bd7 9. f4 Be7 10. Kb1 h6 11. Bh4 b5 12. Nxc6 Bxc6 13. Qe1 Qc7 14. Bxf6 Bxf6 15. Nd5 Bxd5 16. exd5 e5 17. g4 O-O 18. g5 hxg5 19. fxg5 Bxg5 20. Rg1 Bf4 21. Bd3 f5 22. Qh4 Rf7 23. Rdf1 Rc8 24. c3 b4 25. c4 Qe7 26. Qh3 Qf6 27. Qh5 g5 28. Rxf4 exf4 29. Bxf5 Qxf5+ 30. Ka1 Rg7 31. h4 f3 32. hxg5 f2 33. Rf1 Rxg5 34. Qh2 Rf8 35. a3 b3 36. Qxd6 Rg1 0-1


[Site "https://www.chess.com"]

[Event "Titled Tuesday Blitz May 2 Late 2023"]
[White "Tristan, Leonardo"]
[Black "Kourkoulos-Arditis, Stamatis"]
[WhiteFideId "113816"]
[BlackFideId "4221990"]
[WhiteElo "2461"]
[BlackElo "2400"]
[Result "1-0"]
[Round "08"]
[TimeControl "180+2"]
[Date "2023.05.02"]
[WhiteClock "0:00:10"]
[BlackClock "0:00:02"]

1. d4 Nf6 2. Nf3 e6 3. Bf4 b6 4. e3 Bb7 5. Nbd2 c5 6. c3 cxd4 7. exd4 Be7 8. Bd3 O-O 9. O-O d6 10. h3 Nbd7 11. a4 a6 12. Re1 Re8 13. Bh2 Bf8 14. Nc4 Qc7 15. Ne3 Bc6 16. Nd2 b5 17. b4 Nb6 18. axb5 axb5 19. Rxa8 Rxa8 20. Qe2 Nbd5 21. Nxd5 Nxd5 22. Ne4 Ra3 23. Rc1 Bb7 24. Qb2 Ra8 25. Bxb5 Nb6 26. Bd3 Nc4 27. Qe2 Bd5 28. Qh5 f5 29. Ng5 h6 30. Nf3 Ra2 31. Nh4 Nd2 32. Nxf5 exf5 33. Qxf5 Bc4 34. Qh7+ Kf7 35. Qg6+ Kg8 36. Qh7+ Kf7 37. Bg6+ Kf6 38. Bd3 Bxd3 39. Qxd3 Qb7 40. Re1 Qd5 41. Qe3 Nc4 42. Qf4+ Qf5 43. Qh4+ Kf7 44. Bg3 Kg8 45. Qd8 Kh8 46. Re8 Ra1+ 47. Kh2 Kg8 48. Qc8 Qf7 49. Rxf8+ Qxf8 50. Qxc4+ Qf7 51. Qxf7+ Kxf7 52. Bxd6 Ke6 53. Be5 g5 54. Bg7 Rc1 55. Bxh6 Rxc3 56. Bxg5 Kd5 57. Be3 Rb3 58. Kg3 Ke4 59. Kg4 Rxb4 60. h4 Rb8 61. h5 Rg8+ 62. Kh3 Kf5 63. f3 Re8 64. g4+ Kf6 65. Bf4 Re1 66. Be5+ Kg5 67. Kg3 Rg1+ 68. Kf2 Ra1 69. Ke3 Re1+ 70. Kd3 Rf1 71. Ke4 Re1+ 72. Kd5 Rf1 73. h6 Kxh6 74. f4 Rg1 75. g5+ Kg6 76. Ke6 Ra1 77. d5 Ra8 78. d6 Re8+ 79. Kd7 Ra8 80. Ke7 1-0


[Site "https://www.chess.com"]

[Event "Titled Tuesday Blitz May 2 Late 2023"]
[White "Benedetti, Julio"]
[Black "Averjanov, Alexey"]
[WhiteFideId "172545"]
[BlackFideId "14109867"]
[WhiteElo "2263"]
[BlackElo "2399"]
[Result "1/2-1/2"]
[Round "08"]
[TimeControl "180+2"]
[Date "2023.05.02"]
[WhiteClock "0:00:12"]
[BlackClock "0:00:15"]

1. e4 c6 2. Nf3 d5 3. exd5 cxd5 4. Ne5 Nf6 5. d4 g6 6. Nd2 Bg7 7. Ndf3 O-O 8. Be2 Nc6 9. O-O Ne4 10. c3 f6 11. Nxc6 bxc6 12. Bf4 Re8 13. Re1 e5 14. dxe5 fxe5 15. Be3 Bf5 16. Qa4 Qc7 17. Rac1 Rad8 18. Ng5 Nf6 19. Qh4 c5 20. Red1 Qe7 21. Qa4 h6 22. Nf3 d4 23. cxd4 cxd4 24. Bc4+ Kh7 25. Bd2 e4 26. Bb4 Qb7 27. Nxd4 Bg4 28. Ne2 Rxd1+ 29. Rxd1 e3 30. f3 Bxf3 31. gxf3 Qxf3 32. Be1 Re4 33. b3 Rg4+ 34. Bg3 Rxg3+ 35. hxg3 Qf2+ 36. Kh1 Ng4 37. Bg8+ Kxg8 38. Qxg4 Kh7 39. Rd6 Qe1+ 40. Ng1 Qb1 41. Qf3 Qc2 42. Qxe3 a5 43. Qf3 Qc5 44. Rd7 h5 45. Ne2 Qe5 46. Kg2 Kh6 47. Rd5 Qb2 48. Qf4+ Kh7 49. Qe3 a4 50. bxa4 h4 51. gxh4 Qxa2 52. Rd7 Qxa4 53. Re7 Qg4+ 54. Qg3 Qf5 55. Re3 Bd4 56. Rf3 Qe4 57. Nxd4 Qxd4 58. Rf7+ Kh6 59. Qf4+ Qxf4 60. Rxf4 g5 61. Kg3 gxf4+ 62. Kxf4 Kh5 63. Kg3 Kg6 64. Kg4 Kh6 65. h5 Kh7 66. Kg5 Kg7 67. h6+ Kh7 68. Kh5 Kh8 69. Kg6 Kg8 70. h7+ Kh8 71. Kh6 1/2-1/2


[Site "https://www.chess.com"]

[Event "Titled Tuesday Blitz May 2 Late 2023"]
[White "Gritsenko, Nikolai"]
[Black "Kim, Sergey"]
[WhiteFideId "14112493"]
[BlackFideId "13700570"]
[WhiteElo "2389"]
[BlackElo "2295"]
[Result "1-0"]
[Round "08"]
[TimeControl "180+2"]
[Date "2023.05.02"]
[WhiteClock "0:00:49"]
[BlackClock "0:00:09"]

1. d4 Nf6 2. Bf4 g6 3. Nf3 Bg7 4. e3 d6 5. h3 O-O 6. Be2 Nbd7 7. O-O b6 8. a4 a5 9. Na3 Bb7 10. c3 Ne4 11. Bh2 e5 12. dxe5 dxe5 13. Bb5 c6 14. Bd3 Nec5 15. Bc2 Qe7 16. Nc4 Ba6 17. Nfd2 Rad8 18. Re1 f5 19. Qb1 Kh8 20. b4 axb4 21. cxb4 Ne6 22. b5 Bb7 23. a5 cxb5 24. Qxb5 Rb8 25. axb6 Qg5 26. e4 Nf6 27. Bxe5 Nxe4 28. Nxe4 fxe4 29. Bxg7+ Nxg7 30. Qxg5 1-0


[Site "https://www.chess.com"]

[Event "Titled Tuesday Blitz May 2 Late 2023"]
[White "Nazari, Arad"]
[Black "Mortazavi, Ali"]
[WhiteFideId "12577324"]
[BlackFideId "401323"]
[WhiteElo "2242"]
[BlackElo "2339"]
[Result "1-0"]
[Round "08"]
[TimeControl "180+2"]
[Date "2023.05.02"]
[WhiteClock "0:00:09"]
[BlackClock "0:00:01"]

1. e4 c6 2. Nf3 d5 3. Nc3 dxe4 4. Nxe4 Nf6 5. Qe2 Be6 6. Nxf6+ exf6 7. g3 Be7 8. Bg2 O-O 9. O-O Na6 10. c3 Re8 11. d4 Bf8 12. Qc2 Qd7 13. Re1 Nc7 14. Bd2 Rad8 15. Qa4 a6 16. Qa5 Bd6 17. Re2 Bc4 18. Rxe8+ Rxe8 19. b3 Be6 20. c4 h6 21. Re1 Bg4 22. Rxe8+ Nxe8 23. Qc3 Qf5 24. Ne1 Qb1 25. Qc2 Qxc2 26. Nxc2 Bf5 27. Ne3 Bb1 28. c5 Bc7 29. a3 f5 30. d5 cxd5 31. Nxd5 Bd8 32. Nc3 Bc2 33. Bxb7 Bxb3 34. Bxa6 Nc7 35. Bb7 Be7 36. Be3 Kf8 37. a4 Bf6 38. Nb5 Ne6 39. a5 Bc4 40. Nd6 Bd3 41. a6 Nc7 42. a7 g5 43. a8=Q+ Nxa8 44. Bxa8 Be5 45. Bd5 f6 46. Bc4 Bb1 47. Nb5 Ke7 48. c6 f4 49. Bc5+ Kd8 50. Bb6+ Ke7 51. c7 Bf5 52. Na7 1-0


[Site "https://www.chess.com"]

[Event "Titled Tuesday Blitz May 2 Late 2023"]
[White "Skvortsov, Andrei"]
[Black "Kleiman, Jake"]
[WhiteFideId "24108600"]
[BlackFideId "2020041"]
[WhiteElo "2259"]
[BlackElo "2399"]
[Result "0-1"]
[Round "08"]
[TimeControl "180+2"]
[Date "2023.05.02"]
[WhiteClock "0:00:06"]
[BlackClock "0:00:09"]

1. e4 e5 2. d4 exd4 3. Qxd4 Nc6 4. Qd3 Nf6 5. Nc3 Bb4 6. Bd2 O-O 7. O-O-O Re8 8. Nge2 d6 9. Bg5 h6 10. Bxf6 Qxf6 11. Nd5 Qd8 12. Nxb4 Nxb4 13. Qd2 Nc6 14. Nc3 Be6 15. f4 f5 16. exf5 Bxf5 17. Bc4+ Kh8 18. h3 Qd7 19. g4 Be6 20. Bd3 Nb4 21. f5 Nxd3+ 22. cxd3 Bg8 23. f6 Rf8 24. Rdf1 Rae8 25. Ne4 Bh7 26. Nc3 Qe6 27. fxg7+ Kxg7 28. Rxf8 Rxf8 29. Re1 Qf7 30. Qe3 a6 31. Kd2 Qf2+ 32. Re2 Qxe3+ 33. Kxe3 Bg8 34. d4 Kg6 35. Rf2 Re8+ 36. Kf4 Re1 37. h4 Be6 38. a3 Rg1 39. d5 Bxg4 40. Ne4 Bd7 41. h5+ Kg7 42. Ke3 Re1+ 43. Kd4 Rd1+ 44. Kc4 Bb5+ 45. Kc3 Rxd5 46. Nf6 Rg5 47. b3 Bc6 48. a4 a5 49. Kd4 Rg3 50. Kc4 b6 51. Rf1 Rg5 52. Rf4 Rg3 53. Rf2 Rf3 54. Ne8+ Kf8 55. Rxf3+ Bxf3 56. Nxc7 Bxh5 57. Kb5 Bd1 58. Kxb6 Bxb3 59. Kxa5 h5 60. Kb4 Bd1 61. a5 h4 62. Ne6+ Ke7 63. Nf4 Bf3 64. Kc4 Kf6 65. Kd4 Kf5 66. Ke3 Ba8 67. a6 Kg4 68. Nd3 Kg3 69. a7 h3 70. Nf2 h2 71. Ke2 Kg2 72. Ke3 Bf3 73. Ne4 Bxe4 74. Kxe4 h1=Q 75. Kd4 Kf2 0-1


[Site "https://www.chess.com"]

[Event "Titled Tuesday Blitz May 2 Late 2023"]
[White "Kucuksari, Kaan"]
[Black "Saya, Ethan"]
[WhiteFideId "6380166"]
[BlackFideId "26095181"]
[WhiteElo "2364"]
[BlackElo "2189"]
[Result "1-0"]
[Round "08"]
[TimeControl "180+2"]
[Date "2023.05.02"]
[WhiteClock "0:01:49"]
[BlackClock "0:00:02"]

1. e4 e6 2. d4 d5 3. e5 c5 4. c3 Nc6 5. Nf3 Bd7 6. Bd3 cxd4 7. cxd4 Qb6 8. O-O Nxd4 9. Nxd4 Qxd4 10. Nc3 a6 11. Re1 Rc8 12. Be3 Qh4 13. Rc1 Bb4 14. Qb3 Bxc3 15. Rxc3 Bc6 16. Rxc6 bxc6 17. Bxa6 Ne7 18. Bxc8 Nxc8 19. Bc5 Qd8 20. Qb7 Qd7 21. Qb8 f6 22. exf6 gxf6 23. a4 Kf7 24. a5 Rg8 25. a6 e5 26. Qb7 Ke6 27. Ra1 Rg4 28. Qxd7+ Kxd7 29. a7 Nxa7 30. Rxa7+ Ke6 31. h3 Rc4 32. b4 d4 33. Re7+ Kd5 34. f3 Rc2 35. Rd7+ Ke6 36. Rd6+ Kf5 37. Rxc6 d3 38. Rd6 d2 39. Kh2 e4 40. Be3 d1=Q 41. fxe4+ Kxe4 42. Rxd1 Kxe3 43. Rd7 Rb2 44. Rb7 Kf4 45. Rxh7 Kg5 46. Rg7+ Kh6 47. Rg4 f5 48. Rc4 Kg5 49. h4+ Kh5 50. Kh3 Rb3+ 51. g3 Kg6 52. Rc6+ Kg7 53. Rc4 Kg6 54. Kg2 Rd3 55. Rc6+ Kg7 56. b5 f4 57. gxf4 Rb3 58. b6 1-0


[Site "https://www.chess.com"]

[Event "Titled Tuesday Blitz May 2 Late 2023"]
[White "Haszon, David"]
[Black "Grigorov, Grigor"]
[WhiteFideId "733610"]
[BlackFideId "2907313"]
[WhiteElo "2210"]
[BlackElo "2510"]
[Result "1-0"]
[Round "08"]
[TimeControl "180+2"]
[Date "2023.05.02"]
[WhiteClock "0:00:07"]
[BlackClock "0:00:02"]

1. d4 Nf6 2. Nf3 e6 3. Bf4 c5 4. e3 cxd4 5. exd4 b6 6. Nc3 Bb4 7. Bd3 Ba6 8. O-O Bxd3 9. Qxd3 Bxc3 10. Qxc3 Nd5 11. Qd2 Nxf4 12. Qxf4 O-O 13. d5 Qf6 14. Qxf6 gxf6 15. Rad1 Rc8 16. c3 Na6 17. Nd4 Nc5 18. Nf3 b5 19. Rd4 f5 20. Rfd1 Kg7 21. g4 Ne4 22. gxf5 exf5 23. d6 Kf6 24. Rd5 Rg8+ 25. Kf1 Rg4 26. Rxb5 Rf4 27. Rd3 Re8 28. Re3 Rg8 29. a4 Nxd6 30. Ra5 Nc4 31. Ra6+ d6 32. Rd3 Re8 33. b3 Nb2 34. Rdxd6+ Kg7 35. Nd4 Re5 36. f3 Re3 37. Kf2 Nd1+ 38. Kg3 Rxc3 39. Kxf4 Nf2 40. Kxf5 Rc5+ 41. Kf4 Nd3+ 42. Ke3 Nb4 43. Rxa7 1-0


[Site "https://www.chess.com"]

[Event "Titled Tuesday Blitz May 2 Late 2023"]
[White "Leenhouts, Koen"]
[Black "Tanenbaum, Zachary"]
[WhiteFideId "1008439"]
[BlackFideId "2060850"]
[WhiteElo "2409"]
[BlackElo "2175"]
[Result "0-1"]
[Round "08"]
[TimeControl "180+2"]
[Date "2023.05.02"]
[WhiteClock "0:00:03"]
[BlackClock "0:00:29"]

1. d4 d5 2. c4 dxc4 3. e3 e5 4. Bxc4 Nc6 5. Nf3 e4 6. Nfd2 Qg5 7. Kf1 Nf6 8. Nc3 Qg6 9. h3 Bd6 10. Be2 Bd7 11. Nc4 O-O 12. Nxd6 cxd6 13. Bd2 Ne7 14. Kg1 Nf5 15. Kh2 Nh4 16. Rg1 Qf5 17. Qf1 h5 18. f4 exf3 19. gxf3 Qc2 20. Rd1 Qxb2 21. Qf2 Ng6 22. Bd3 Rac8 23. Rb1 Qa3 24. Rb3 Qa5 25. Ne4 Nxe4 26. Bxe4 Qxa2 27. Rxb7 Bc6 28. Bxc6 Rxc6 29. Rg2 Rc2 30. f4 Nh4 31. Qxh4 Rxd2 32. Qg3 Rxg2+ 33. Qxg2 Qxg2+ 34. Kxg2 Ra8 35. Rb4 a5 36. Ra4 d5 37. Kf3 Kf8 38. e4 dxe4+ 39. Kxe4 Ke7 40. d5 Kd6 41. Kd4 h4 42. Rc4 a4 43. Rc6+ Kd7 44. Rc2 a3 45. Ra2 Kd6 46. Ke4 Ra4+ 47. Kf5 Kxd5 48. Kg4 Kc4 0-1


[Site "https://www.chess.com"]

[Event "Titled Tuesday Blitz May 2 Late 2023"]
[White "Loiacono, Antonio"]
[Black "Timmermans, Mark"]
[WhiteFideId "895415"]
[BlackFideId "1026399"]
[WhiteElo "2257"]
[BlackElo "2460"]
[Result "1-0"]
[Round "08"]
[TimeControl "180+2"]
[Date "2023.05.02"]
[WhiteClock "0:00:35"]
[BlackClock "0:00:21"]

1. e4 e5 2. Nf3 Nc6 3. Nc3 Nf6 4. Bb5 Bd6 5. d3 O-O 6. O-O Re8 7. Ne2 Bf8 8. Ng3 d5 9. Bg5 Bg4 10. Bxc6 bxc6 11. h3 Bxf3 12. Qxf3 h6 13. Bxf6 Qxf6 14. Qxf6 gxf6 15. Nf5 a5 16. a4 dxe4 17. dxe4 Red8 18. Rad1 Kh7 19. Rfe1 h5 20. Kf1 Kg6 21. Ke2 Bc5 22. g3 Kg5 23. f3 Bd6 24. h4+ Kg6 25. Rd3 Rd7 26. Red1 Rad8 27. Rc3 Bb4 28. Rxd7 Rxd7 29. Rd3 Rxd3 30. Kxd3 Kh7 31. c3 Bc5 32. Kc4 Bf2 33. b4 Bb6 34. g4 Kg8 35. gxh5 Kh7 36. b5 cxb5+ 37. Kxb5 Kg8 38. Kc6 Kh7 39. c4 Kg8 40. Kd7 Kh7 41. Ke7 Kg8 42. Kxf6 Bd4 43. h6 1-0


[Site "https://www.chess.com"]

[Event "Titled Tuesday Blitz May 2 Late 2023"]
[White "Mgeladze, Tamaz"]
[Black "Vovk, Orest"]
[WhiteFideId "13601202"]
[BlackFideId "14113490"]
[WhiteElo "2288"]
[BlackElo "2215"]
[Result "1-0"]
[Round "08"]
[TimeControl "180+2"]
[Date "2023.05.02"]
[WhiteClock "0:00:04"]
[BlackClock "0:00:02"]

1. c4 e6 2. Nf3 Nf6 3. g3 b6 4. Bg2 Bb7 5. O-O Nc6 6. Nc3 d5 7. cxd5 exd5 8. d4 Be7 9. Bf4 O-O 10. Rc1 Qd7 11. Ne5 Qe6 12. Nxc6 Bxc6 13. Qb3 Rfc8 14. Be5 Bb7 15. Bxf6 Bxf6 16. Bxd5 Bxd5 17. Nxd5 Bxd4 18. Nxc7 Qxb3 19. axb3 Rab8 20. Nb5 Bxb2 21. Rxc8+ Rxc8 22. Nxa7 Rc3 23. Rd1 g6 24. Rd3 Rc2 25. Kf1 Rc1+ 26. Kg2 Rc5 27. Rd8+ Kg7 28. Nc8 Rc3 29. b4 Rc4 30. Nxb6 Rxb4 31. Rd6 Be5 32. Rc6 Rb2 33. Kf3 Rb3+ 34. e3 Bc3 35. Nc4 Be1 36. Ke2 Bc3 37. Nd6 Rb2+ 38. Kf1 Be5 39. Nc4 Rb1+ 40. Kg2 Bc3 41. Nd6 Be5 42. Nc4 Bc3 43. Kf3 Ra1 44. Nd6 Be5 45. Nc4 Bc3 46. Nb6 Be1 47. Rc2 Ba5 48. Nc4 Bc7 49. h4 h5 50. Nd2 Ba5 51. Ne4 Bd8 52. Rd2 Be7 53. Rd7 Kf8 54. Rb7 Ra5 55. Nc3 Rf5+ 56. Ke2 Rc5 57. Kd3 Ra5 58. e4 Ra3 59. f4 Bf6 60. e5 Be7 61. Kc4 Ra1 62. Nd5 Rc1+ 63. Kd4 Ba3 64. Rb8+ Kg7 65. Nf6 Bc5+ 66. Ke4 Bf8 67. Ne8+ Kg8 68. Nf6+ Kg7 69. Ne8+ Kg8 70. Nd6 Kg7 71. Rb7 Bxd6 72. exd6 Rd1 73. Ke5 Rd2 74. Rb8 Rd1 75. Rd8 Rd3 76. d7 Rd1 77. f5 gxf5 78. Kxf5 Rd5+ 79. Kf4 Rd4+ 80. Ke5 Rd1 81. Ke4 Re1+ 82. Kf4 Rf1+ 83. Kg5 Rd1 84. Kxh5 Kf6 85. g4 Rd5+ 86. g5+ Ke7 87. Ra8 Kxd7 88. Kh6 Ke6 89. h5 f5 90. g6 f4 91. g7 Rd8 92. Rxd8 1-0


[Site "https://www.chess.com"]

[Event "Titled Tuesday Blitz May 2 Late 2023"]
[White "Sun, Rick"]
[Black "Karttunen, Mika"]
[WhiteFideId "30909481"]
[BlackFideId "502081"]
[WhiteElo "2169"]
[BlackElo "2396"]
[Result "1-0"]
[Round "08"]
[TimeControl "180+2"]
[Date "2023.05.02"]
[WhiteClock "0:00:08"]
[BlackClock "0:00:03"]

1. d4 Nf6 2. Nc3 g6 3. e4 d6 4. Nge2 Nbd7 5. f3 e5 6. Be3 Bg7 7. Qd2 h5 8. O-O-O c6 9. h4 Qe7 10. Bg5 a6 11. Kb1 b5 12. Nc1 Qd8 13. N3e2 Qc7 14. Ng3 Bb7 15. Be2 Kf8 16. Rhf1 Kg8 17. f4 Re8 18. dxe5 dxe5 19. f5 c5 20. Qe3 c4 21. Rf2 Qc6 22. Bf3 Kh7 23. Rdf1 Rhf8 24. Nce2 Nc5 25. Nc3 b4 26. Nd5 Nxd5 27. exd5 Qd6 28. f6 Bh8 29. Nxh5 e4 30. Be2 Qxd5 31. Nf4 Qc6 32. h5 Bxf6 33. hxg6+ fxg6 34. Rh1+ Kg8 35. Bxc4+ Ne6 36. Bxe6+ Rxe6 37. Nxe6 Qxe6 38. Bxf6 Rxf6 39. Qd4 Kg7 40. Rxf6 Qxf6 41. Rh7+ Kxh7 42. Qxf6 1-0


[Site "https://www.chess.com"]